 Dungeon Crawl Stone Soup version 0.26-a0-712-ga5a9c9c9d0 (webtiles) character file.

Game seed: 2993504861776869663

56 Azzok the Skirmisher (level 3, -2/30 HPs)
             Began as a Demonspawn Fighter on Nov 4, 2020.
             Slain by a gnoll
             ... wielding a +0 spear
              (5 damage)
             ... on level 2 of the Dungeon.
             The game lasted 00:01:07 (777 turns).

Azzok the Skirmisher (Demonspawn Fighter)            Turns: 777, Time: 00:01:07

Health: -2/30      AC:  8    Str: 17    XL:     3   Next: 71%
Magic:  3/3        EV:  7    Int:  9    God:
Gold:   81         SH:  9    Dex: 12    Spells: 2/2 levels left

rFire    . . .     SeeInvis .   a - +0 war axe
rCold    . . .     Faith    .   c - +0 kite shield
rNeg     . . .     Spirit   .   b - +0 scale mail
rPois    .         Reflect  .   (no helmet)
rElec    .         Harm     .   (no cloak)
rCorr    .         Rampage  .   (no gloves)
MR       .....                  (no boots)
Stlth    ..........             (no amulet)
HPRegen  0.10/turn              h - ring of attention (curse)
MPRegen  0.08/turn              i - ring of stealth

@: no status effects
A: slimy green scales 1
a: no special abilities


You were on level 2 of the Dungeon.
You visited 1 branch of the dungeon, and saw 2 of its levels.

You collected 81 gold pieces.

Inventory:

Hand Weapons
 a - a +0 war axe (weapon)
Armour
 b - a +0 scale mail (worn)
 c - a +0 kite shield (worn)
Jewellery
 h - a cursed ring of attention (left hand)
 i - a ring of stealth (right hand)
Scrolls
 e - 2 scrolls of identify {unknown}
 f - a scroll of blinking {unknown}
 j - a scroll of magic mapping {unknown}
Potions
 d - a potion of might
 g - a potion of curing {unknown}
 k - a potion of mutation {unknown}


   Skills:
 + Level 3.9 Fighting
 - Level 2.0 Axes
 - Level 2.6 Armour
 + Level 3.5 Shields


You had 2 spell levels left.
You didn't know any spells.
Your spell library was empty.

Dungeon Overview and Level Annotations

Branches:
Dungeon (2/15)

Altars:


Innate Abilities, Weirdness & Mutations

You are partially covered in slimy green scales. (AC +2)


Message History

The gnoll barely misses you. The gnoll closely misses you.
You slash the gnoll!
You kill the gnoll!
You hit the gnoll but do no damage. You block the gnoll's attack.
The gnoll hits you but does no damage.
You hit the gnoll.
The gnoll is lightly wounded.
You barely miss the gnoll. The gnoll hits you with a +0 spear.
* * * LOW HITPOINT WARNING * * *
The gnoll hits you but does no damage. The gnoll closely misses you.
You block the gnoll's attack. The gnoll hits you but does no damage.
You hit the gnoll.
The gnoll is lightly wounded.
You barely miss the gnoll. You block the gnoll's attack. x2
The gnoll hits you but does no damage. The gnoll barely misses you.
You slash the gnoll!
The gnoll is almost dead.
Your shield and scale mail prevent you from hitting the gnoll.
The gnoll hits you with a +0 spear.
You die...

▒▒▒ ▒·▒ ▒·▒ ▒·▒
▒·▒ ▒·▒ ▒·▒ ▒g▒
▒▒·▒ ▒▒▒▒▒@▒ ▒··▒
▒···g·▒
···▒▒▒▒▒▒▒▒▒···g·▒
·················▒
·················▒
·········▒▒·▒▒▒▒·▒
▒)†·▒▒▒▒·········▒
▒·)·▒ ▒··▒·▒▒▒▒·▒
▒···▒▒▒▒·········▒


You could see 3 gnolls.

Vanquished Creatures
  A gnoll (D:2)
  2 worms (D:2)
  A leopard gecko (D:1)
  3 giant cockroaches
  3 hobgoblins
  4 jackals (D:1)
  A ball python (D:1)
  5 bats (D:1)
  A frilled lizard (D:2)
  6 goblins
  6 kobolds (D:1)
  5 rats (D:1)
38 creatures vanquished.

Notes
Turn   | Place    | Note
-------+----------+-------------------------------------------
     0 | D:1      | Azzok the Demonspawn Fighter began the quest for the Orb.
     0 | D:1      | Reached XP level 1. HP: 18/18 MP: 1/1
   207 | D:1      | Gained mutation: You are partially covered in slimy green
                  | scales. (AC +2) [demonic ancestry]
   207 | D:1      | Reached XP level 2. HP: 24/24 MP: 2/2
   448 | D:1      | Reached XP level 3. HP: 29/29 MP: 3/3
   777 | D:2      | Slain by a gnoll

Illustrated notes

Levels and vault maps discovered:
D:1:      psy_arrival_whirlpool, layout_basic
D:2:      layout_basic, uniq_crazy_yiuf_cottage

Skill      XL: |  1  2 |
---------------+-------+-----
Axes           | 2 |  2.0
Shields        | 3 |  3.5
Fighting       | |  3.9
Armour         | |  2.6

Action                   || total
-------------------------++-------
Melee: War axe           ||    76
Armor: Scale mail        ||    52
Dodge: Dodged            ||    23
Block: Kite shield       ||    52

Table legend: (Time is in decaauts)
 A = Elapsed time spent in this place.
 B = Non-inter-level travel time spent in this place.
 C = Inter-level travel time spent in this place.
 D = Time resting spent in this place.
 E = Time spent auto-exploring this place.
 F = Levels seen in this place.
 G = Mean time per level.
                   A        B        C        D        E       F      G
               +--------+--------+--------+--------+--------+-----+--------+
         Total |    813 |    792 |     21 |    119 |    471 |   2 |  406.5 |
       Dungeon |    813 |    792 |     21 |    119 |    471 |   2 |  406.5 |
               +--------+--------+--------+--------+--------+-----+--------+

Top non-repeatable levels by time:
     D:1: 634 daAuts
     D:2: 178 daAuts
